 Dungeon Crawl Stone Soup version 0.26-a0-64-g059e62fbdb (webtiles) character file.

Game seed: 9594246393650966263

1 inmateoo the Scratcher (level 1, 0/9 HPs)
             Began as a Felid Transmuter on June 11, 2020.
             Slain by a rat (2 damage)
             ... on level 1 of the Dungeon.
             The game lasted 00:01:08 (73 turns).

inmateoo the Scratcher (Felid Transmuter)             Turns: 73, Time: 00:01:09

Health: 0/9        AC:  1    Str:  6    XL:     1   Next: 16%
Magic:  4/4        EV: 18    Int: 14    God:
Gold:   0          SH:  0    Dex: 16    Spells: 3/4 levels left
                                        Lives:  0   Deaths: 0

rFire    . . .     SeeInvis +     - Unarmed
rCold    . . .     Gourm    .   (shield unavailable)
rNeg     . . .     Faith    .   (armour unavailable)
rPois    .         Spirit   .   (helmet unavailable)
rElec    .         Reflect  .   (cloak unavailable)
rCorr    .         Harm     .   (gloves unavailable)
MR       .....                  (boots unavailable)
Stlth    ++........             (no amulet)
HPRegen  0.03/turn              (no ring)
MPRegen  0.09/turn              (no ring)

@: quick
A: very small, no armour, no weapons or thrown items, stealth, claws 1, fangs 3,
see invisible, carnivore, speed 1, shaggy fur 1, slow metabolism 1, sharp paws
a: no special abilities


You were on level 1 of the Dungeon.
You were not hungry.

You visited 1 branch of the dungeon, and saw 1 of its levels.

Inventory:

Missiles
 a - 12 arrows
Potions
 b - a potion of cancellation {unknown}
Comestibles
 c - 2 rations


   Skills:
 * Level 1.0 Fighting
 + Level 2.7 Dodging
 + Level 0.0 Stealth
 * Level 3.0 Unarmed Combat
 + Level 2.0 Spellcasting
 + Level 2.2 Transmutations


You had 3 spell levels left.
You knew the following spells:

 Your Spells              Type           Power        Failure   Level  Hunger
a - Beastly Appendage     Tmut           #.....       10%         1    ##.....

Your spell library contained the following spells:

 Spells                   Type           Power        Failure   Level  Hunger
 Sticks to Snakes         Tmut           #.......     14%         2    ###....
 Spider Form              Tmut/Pois      #.........   41%         3    ####...
 Ice Form                 Ice/Tmut       #.......     83%         4    #####..
 Blade Hands              Tmut           #.........   95%         5    ######.


Dungeon Overview and Level Annotations

Branches:
Dungeon (1/15)

Altars:


Innate Abilities, Weirdness & Mutations

You cannot wear armour.
You are incapable of wielding weapons or throwing items.
Your paws allow you to move quietly. (Stealth)
You have sharp claws.
You have razor-sharp teeth.
You have supernaturally acute eyesight. (SInv)
You are carnivorous and can eat meat at any time.
You cover ground quickly.
You are covered in fur. (AC +1)
You have a slow metabolism.
Your sharp claws are effective at attacking unaware monsters.


Message History

You grow a pair of large bovine horns.
You start resting.
The kobold is too close now for your liking.
You scratch the kobold. You bite the kobold, but do no damage.
The kobold is moderately wounded.
The kobold hits you with a +2 vampiric whip.
Ouch! That really hurt!
* * * LOW HITPOINT WARNING * * *
The kobold draws strength from your wounds!
You scratch the kobold but do no damage.
Your bite misses the kobold. The kobold barely misses you.
You barely miss the kobold. Your bite misses the kobold. The kobold misses you.
Your transformation is almost over.
Your horns disappear.
Why would you want to do that? Why would you want to do that?
The rat misses you.
There is a stone staircase leading down here.
The rat bites you.
You die...

#≈≈≈≈≈≈≈≈≈≈≈
#≈≈≈≈≈.....≈
#≈≈....≈≈≈..
###≈...≈≈≈.≈≈≈
#.....≈≈≈.<..≈
#.#≈...≈≈≈.≈≈≈
#.#≈≈.K..≈≈≈..
######.#≈≈≈≈≈.....≈
#.@r...#≈≈≈≈≈≈≈.≈≈≈
#.....#########.###
#.....##.........#
##...........K....#
####......#######.####
#.....(...# #.#
#.........# #.#
#####.##### #.# #((#
#.#


You could see a rat.

Vanquished Creatures
  A hobgoblin (D:1)
1 creature vanquished.

Notes
Turn   | Place    | Note
-------+----------+-------------------------------------------
     0 | D:1      | inmateoo the Felid Transmuter began the quest for the Orb.
     0 | D:1      | Reached XP level 1. HP: 9/9 MP: 4/4
    73 | D:1      | Slain by a rat

Illustrated notes

Levels and vault maps discovered:
D:1:      dpeg_arrival_shrine, layout_rooms, minmay_tromino_i2

Action                   || total
-------------------------++-------
Melee: Unarmed           ||     6
       Bite              ||     1
 Cast: Beastly Appendage ||     1
Dodge: Dodged            ||     8

Table legend:
 A = Non-vault XP
 B = Vault XP
 C = Vault XP percentage of total XP
 D = Non-vault monster count
 E = Vault monster count
 F = Vault count percentage of total count
                 A         B        C        D         E       F
            +---------+---------+-------+---------+---------+-------
      Total |       2 |       0 |   0.0 |       1 |       0 |   0.0
            +---------+---------+-------+---------+---------+-------
        D:1 |       2 |       0 |   0.0 |       1 |       0 |   0.0
            +---------+---------+-------+---------+---------+-------
